 Dungeon Crawl Stone Soup version 0.32-a0-120-gfac0567ad4 (webtiles) character file.

Game seed: 10868662090973056580

38983 Pooter the Severer (level 13, -2/183 HPs)
             Began as a Minotaur Berserker on Feb 6, 2024.
             Was a Priest of Trog.
             Incinerated by a deep elf pyromancer (4 damage)
             ... with a pyre arrow
             ... on level 12 of the Dungeon on Feb 7, 2024.
             The game lasted 01:41:32 (27478 turns).

Pooter the Severer (Minotaur Berserker)            Turns: 27478, Time: 01:41:33

Health: -2/183     AC:  9    Str: 41    XL:     13   Next: 66%
Magic:  12/12      EV: 10    Int:  4    God:    Trog [***...]
Gold:   1122       SH:  5    Dex: 11    Spells: 12/12 levels left

rFire   . . .        a - +7 battleaxe
rCold   + . .        (shield currently unavailable)
rNeg    + . .        Z - +0 chain mail "Joucifu" {Regen+ rCorr Str+9 Dex-3}
rPois   .            (helmet restricted)
rElec   .            v - +0 cloak "Vuxtujuk" {rN+ Dex+3}
rCorr   +            (no gloves)
SInv    .            (no boots)
Will    ++...        z - amulet of reflection Stlth
                     A - +6 ring of strength
HPRegen 2.30/turn    I - ring of protection from cold
MPRegen 0.13/turn

%: reflection
@: berserking, on fire, strong-willed, regenerating, glowing, very quick
A: horns 2, retaliatory headbutt
a: Renounce Religion, Berserk, Trog's Hand


You were on level 12 of the Dungeon.
You worshipped Trog.
Trog was most pleased with you.
You visited 3 branches of the dungeon, and saw 16 of its levels.
You also visited: Sewer.

You collected 1985 gold pieces.
You spent 863 gold pieces at shops.

Inventory:

Hand Weapons
 a - a +7 battleaxe (weapon)
   (You took it off a wight on level 7 of the Dungeon)
 b - a +0 arbalest
   (You took it off a kobold blastminer on level 1 of the Orcish Mines)
 h - a +0 hand axe
 m - a +5 trident
   (You took it off a wight on level 8 of the Dungeon)
 w - a +1 demon whip of venom
   (You took it off Amaemon on level 11 of the Dungeon)
 B - a +2 flail of venom
   (You took it off Edmund on level 5 of the Dungeon)
 D - a +0 war axe
   (You took it off an orc on level 5 of the Dungeon)
 K - a +1 sling of draining
   (You took it off Joseph on level 1 of the Lair of Beasts)
 S - a +0 dire flail
   (You took it off an orc warrior on level 1 of the Orcish Mines)
Missiles
 n - 10 boomerangs (quivered)
 G - 22 poisoned darts
 L - 2 throwing nets {!f}
 Q - 140 stones
 R - 5 javelins
 T - 5 curare-tipped darts
Armour
 v - the +0 cloak "Vuxtujuk" (worn) {rN+ Dex+3}
   (You found it on level 8 of the Dungeon)

   Dex+3:     It affects your dexterity (+3).
   rN+:       It protects you from negative energy.
 y - a +1 cloak of stealth
   (You took it off Maurice on level 8 of the Dungeon)
 Y - a +2 plate armour
   (You took it off an orc warrior on level 5 of the Dungeon)
 Z - the +0 chain mail "Joucifu" (worn) {Regen+ rCorr Str+9 Dex-3}
   (You bought it in a shop on level 2 of the Orcish Mines)

   Str+9:     It affects your strength (+9).
   Dex-3:     It affects your dexterity (-3).
   Regen+:    It increases your rate of health regeneration.
   rCorr:     It protects you from acid and corrosion.
Jewellery
 i - a ring of willpower
   (You found it on level 12 of the Dungeon)
 z - an amulet of reflection (around neck)
   (You found it on level 12 of the Dungeon)
 A - a +6 ring of strength (left hand)
   (You found it on level 2 of the Dungeon)
 C - a ring of resist corrosion
   (You found it on level 6 of the Dungeon)
 F - a ring of protection from fire
   (You took it off a gnoll on level 12 of the Dungeon)
 I - a ring of protection from cold (right hand)
   (You found it on level 8 of the Dungeon)
Wands
 d - a wand of mindburst (2)
   (You found it on level 4 of the Dungeon)
 u - a wand of paralysis (7)
   (You found it on level 7 of the Dungeon)
 x - a wand of acid (9)
   (You took it off Maurice on level 8 of the Dungeon)
 E - a wand of polymorph (4)
   (You took it off Ijyb on level 4 of the Dungeon)
Scrolls
 g - 2 scrolls of revelation
 q - 3 scrolls of noise {!r}
 t - 2 scrolls of teleportation {@r4}
 M - a scroll of immolation {!r}
 N - 2 scrolls of fog
 P - 2 scrolls of poison {!r}
 U - a scroll of silence
 V - 2 scrolls of blinking
 W - a scroll of enchant weapon
 X - a scroll of vulnerability {!r}
Potions
 c - 6 potions of enlightenment
 e - a potion of invisibility
 f - 4 potions of mutation {!q}
 j - 2 potions of curing {@q1}
 k - 2 potions of heal wounds {@q2}
 l - a potion of berserk rage {unknown}
 o - 2 potions of attraction {!q}
 p - 2 potions of haste {@q3}
 r - 2 potions of might
 s - a potion of cancellation {unknown}
 H - a potion of ambrosia
 J - 2 potions of lignification {!q}
 O - a potion of resistance


   Skills:
 + Level 13.1 Fighting
 * Level 18.0 Axes
 * Level 15.9 Ranged Weapons
 - Level 1.5 Throwing
 - Level 2.4 Armour
 - Level 2.1 Dodging
 + Level 2.9 Evocations


You had 12 spell levels left.
You didn't know any spells.
Your spell library was empty.

Dungeon Overview and Level Annotations

Branches:
Dungeon (12/15) Zot: 25602  Temple (0/1) D:6            Lair (2/5) D:8 Zot: 6794
  Swamp (0/4) Lair:2       Spider (0/4) Lair:2          Orc (2/2) D:12 Zot: 6287
    Elf (0/3) Orc:2         Sewer (visited)

Altars:
Makhleb

Shops:
D:12 *   Orc:2 *(?[

Annotations:
D:5 2 exclusions
D:8 3 runed translucent doors, lunkers's ghost, novice OnBe


Innate Abilities, Weirdness & Mutations

You have a pair of horns on your head.
You reflexively headbutt those who attack you in melee.


Message History

The deep elf pyromancer gestures at you while chanting.
The bolt of fire hits you!!
The deep elf pyromancer gestures at you while chanting.
The pyre arrow hits you.
You are even more covered in intense liquid fire!
You shoot a bolt. The bolt hits the deep elf pyromancer!
The liquid fire burns you!
Your skin crawls.
You feel strong-willed. The liquid fire burns you!
* * * LOW HITPOINT WARNING * * *
a - a +7 battleaxe (weapon)
The liquid fire burns you!
* * * LOW HITPOINT WARNING * * *
The fire elemental hits you. The fire elemental burns you!
* * * LOW HITPOINT WARNING * * *
A red film seems to cover your vision as you go berserk!
You feel yourself moving faster!
You feel mighty!
You can no longer call in reinforcements.
The liquid fire burns you!
* * * LOW HITPOINT WARNING * * *
The fire elemental hits you.
* * * LOW HITPOINT WARNING * * *
The fire elemental burns you!
* * * LOW HITPOINT WARNING * * *
You barely miss the fire elemental. The liquid fire burns you!
* * * LOW HITPOINT WARNING * * *
The deep elf pyromancer mumbles some strange words.
The fire elemental hits you.
* * * LOW HITPOINT WARNING * * *
The fire elemental burns you!
* * * LOW HITPOINT WARNING * * *
You slice the fire elemental!!
Your headbutt misses the fire elemental.
The liquid fire burns you!
* * * LOW HITPOINT WARNING * * *
The deep elf pyromancer points at you and mumbles some strange words.
The bolt of fire hits the fire elemental.
The fire elemental completely resists.
The bolt of fire hits the fire elemental.
The fire elemental completely resists.
The bolt of fire hits you!!
* * * LOW HITPOINT WARNING * * *
You shake off some of the fire as you move.
The liquid fire burns you!
* * * LOW HITPOINT WARNING * * *
You shake off some of the fire as you move.
You feel a strong urge to attack something.
The liquid fire burns you!
You die...

### ..## ...#
.#.## .#..#
#######
###.###.....#
##..<..###.###
#...#####
#...###### ..###
###...@.E# ###
###
######.○E○eE.. #
#.# #####..°. #
#.## .. ##..# #
#...# ########
)..# #
#.#.###....>.#
....# #
#.#.....####..#
....#
####.##....#####
..#....#


You could see a deep elf pyromancer and 3 fire elementals.

Vanquished Creatures
  An eleionoma (Lair:2)
  Fannar (Orc:1)
  A hydra (Lair:2)
  Harold (D:11)
  2 boulder beetles
  3 two-headed ogres
  2 death yaks (Lair:2)
  3 orc high priests
  Amaemon (D:11)
  3 skeletal warriors (D:12)
  Sonja (Orc:1)
  A deep elf pyromancer (D:12)
  Pikel (D:5)
  4 orc sorcerers (Orc:2)
  A cyclops (D:11)
  2 black mambas (Lair:2)
  Maurice (D:8)
  Joseph (Lair:1)
  A kobold blastminer (Orc:1)
  3 kobold demonologists (D:11)
  A gargoyle (D:12)
  3 cane toads
  2 unseen horrors
  An orange demon (D:11)
  A rime drake (Lair:1)
  5 komodo dragons
  Psyche (D:8)
  2 trolls
  Grinder (D:5)
  A polar bear (Lair:1)
  8 blink frogs
  A slime creature (D:12)
  5 culicivoras (Lair:2)
  A shadow (D:11)
  2 wyverns
  2 wraiths
  31 yaks
  Grum (D:10)
  5 steam dragons
  2 wargs
  Edmund (D:5)
  Menkaure (D:4)
  11 water moccasins
  An ice beast (D:6)
  2 black bears
  16 orc warriors
  2 sky beasts (D:7)
  8 ogres
  5 wolves
  A centaur (D:9)
  3 lemures (D:5)
  A phantom (D:4)
  10 bullfrogs
  4 kobold brigands
  Blork the orc (D:4)
  A gnoll sergeant (D:12)
  4 scorpions
  8 wights
  6 killer bees (D:8)
  7 howler monkeys
  6 electric eels (D:8)
  9 hounds
  A bombardier beetle (D:5)
  A gnoll bouda (D:5)
  22 orc priests
  3 iron imps (D:9)
  A jelly (D:5)
  2 sleepcaps (D:6)
  3 iguanas
  36 orc wizards
  Ijyb (D:4)
  14 gnolls
  13 adders
  3 river rats (Sewer)
  A white imp (D:6)
  5 dart slugs
  2 ribbon worms
  55 orcs
  16 endoplasms
  9 giant cockroaches
  6 hobgoblins
  12 jackals
  7 quokkas
  14 ball pythons
  11 bats
  8 frilled lizards
  5 goblins
  12 kobolds
  4 rats
485 creatures vanquished.

Notes
Turn   | Place    | Note
-------+----------+-------------------------------------------
     0 | D:1      | Pooter the Minotaur Berserker began the quest for the Orb.
     0 | D:1      | Reached XP level 1. HP: 19/19 MP: 0/0
   154 | D:1      | Reached skill level 4 in Axes
   155 | D:1      | Reached XP level 2. HP: 27/27 MP: 1/1
   494 | D:1      | Reached skill level 1 in Throwing
   587 | D:1      | Reached XP level 3. HP: 33/33 MP: 2/2
   724 | D:1      | Reached ** piety under Trog
  1194 | D:2      | Found a faded altar of an unknown god.
  1405 | D:2      | Reached XP level 4. HP: 37/41 MP: 3/3
  1494 | D:2      | Reached skill level 5 in Axes
  2610 | D:4      | Reached skill level 1 in Ranged Weapons
  2650 | D:4      | Reached XP level 5. HP: 47/47 MP: 4/4
  2668 | D:4      | Noticed an ogre
  2682 | D:4      | Killed an ogre
  2735 | D:4      | Found a glowing drain.
  2739 | D:4      | Reached skill level 6 in Axes
  2759 | Sewer    | Entered a sewer
  3005 | Sewer    | Reached *** piety under Trog
  3395 | Sewer    | Reached XP level 6. HP: 47/55 MP: 5/5
  3638 | Sewer    | Reached skill level 5 in Fighting
  4077 | D:4      | Noticed Ijyb
  4088 | D:4      | Killed Ijyb
  4183 | D:4      | Noticed Menkaure
  4186 | D:4      | Killed Menkaure
  4253 | D:4      | Reached XP level 7. HP: 61/61 MP: 6/6
  4311 | D:4      | Reached skill level 7 in Axes
  4365 | D:4      | You fall into a shaft and drop 2 floors!
  4443 | D:6      | Found a staircase to the Ecumenical Temple.
  4768 | D:5      | Entered Level 5 of the Dungeon
  4986 | D:5      | Noticed Eustachio
  4991 | D:5      | Eustachio changed into Eustachio the steam dragon
  4991 | D:5      | Noticed Eustachio
  5001 | D:5      | Killed Eustachio the steam dragon
  5077 | D:5      | Reached skill level 5 in Ranged Weapons
  5223 | D:5      | Noticed Edmund
  5234 | D:5      | Killed Edmund
  5235 | D:5      | Reached skill level 8 in Axes
  5382 | D:5      | Reached XP level 8. HP: 60/70 MP: 7/7
  6211 | D:4      | Noticed Blork the orc
  6218 | D:4      | Killed Blork the orc
  6729 | D:4      | Noticed Sigmund
  6732 | D:4      | Sigmund changed into Sigmund the iguana
  6732 | D:4      | Noticed Sigmund
  6734 | D:4      | Killed Sigmund the iguana
  6735 | D:4      | Reached skill level 9 in Axes
  6785 | D:5      | Noticed Grinder
  6790 | D:5      | Killed Grinder
  7226 | D:5      | Noticed Pikel
  7247 | D:5      | Killed Pikel
  7248 | D:5      | Reached skill level 10 in Axes
  7248 | D:5      | Reached XP level 9. HP: 70/79 MP: 8/8
  8624 | D:7      | Reached skill level 11 in Axes
  9265 | D:7      | Reached XP level 10. HP: 87/90 MP: 9/9
  9630 | D:8      | Found a staircase to the Lair.
  9638 | Lair:1   | Entered Level 1 of the Lair of Beasts
  9638 | Lair:1   | Noticed a cane toad
  9643 | Lair:1   | Killed a cane toad
  9646 | Lair:1   | Reached skill level 12 in Axes
  9646 | Lair:1   | Reached skill level 10 in Ranged Weapons
 10221 | Lair:1   | Reached skill level 13 in Axes
 10303 | Lair:1   | Noticed Joseph
 10315 | Lair:1   | Killed Joseph
 10324 | Lair:1   | Reached XP level 11. HP: 32/99 MP: 10/10
 10431 | Lair:1   | Reached skill level 10 in Fighting
 11683 | D:8      | Identified the +0 cloak "Vuxtujuk" {rN+ Dex+3}
 11940 | D:8      | Found a runed translucent gate.
 11946 | D:8      | Found a runed translucent gate.
 11946 | D:8      | Noticed lunkers's ghost (novice OnBe)
 11948 | D:8      | Found a runed translucent gate.
 12074 | D:8      | Noticed Psyche
 12080 | D:8      | Killed Psyche
 12082 | D:8      | Noticed Maurice
 12101 | D:8      | Something stole a +2 flail of venom
 12102 | D:8      | Something stole a ring of protection from cold
 12102 | D:8      | Something stole 3 boomerangs
 12103 | D:8      | Something stole 588 gold
 12113 | D:8      | Killed Maurice
 12331 | D:8      | Reached skill level 14 in Axes
 13409 | D:9      | Found a burning altar of Makhleb.
 13653 | D:10     | Entered Level 10 of the Dungeon
 13679 | D:10     | Noticed Grum
 13688 | D:10     | Killed Grum
 14346 | D:10     | Reached skill level 15 in Axes
 14883 | Lair:2   | Reached **** piety under Trog
 15039 | Lair:2   | Reached XP level 12. HP: 95/110 MP: 11/11
 15251 | Lair:2   | Found a staircase to the Swamp.
 15251 | Lair:2   | Noticed an eleionoma
 15261 | Lair:2   | Killed an eleionoma
 15609 | Lair:2   | Found a hole to the Spider Nest.
 15746 | Lair:2   | Noticed a death yak
 15746 | Lair:2   | Noticed a death yak
 15747 | Lair:2   | Noticed a death yak
 15748 | Lair:2   | Noticed a death yak
 15749 | Lair:2   | Noticed a death yak
 15754 | Lair:2   | Killed a death yak
 15758 | Lair:2   | Killed a death yak
 16760 | Lair:2   | Noticed a boulder beetle
 16769 | Lair:2   | Killed a boulder beetle
 16770 | Lair:2   | Reached skill level 16 in Axes
 17327 | Lair:2   | Noticed a seven-headed hydra
 17336 | Lair:2   | Killed a seven-headed hydra
 18550 | D:11     | Noticed Harold
 18551 | D:11     | Noticed a boulder beetle
 18558 | D:11     | Killed Harold
 18561 | D:11     | Killed a boulder beetle
 19343 | D:11     | Noticed Amaemon
 19353 | D:11     | Killed Amaemon
 20430 | D:12     | Reached XP level 13. HP: 102/119 MP: 12/12
 20490 | D:12     | Reached skill level 15 in Ranged Weapons
 20555 | D:12     | Found a staircase to the Orcish Mines.
 20562 | Orc:1    | Entered Level 1 of the Orcish Mines
 20580 | Orc:1    | Reached skill level 17 in Axes
 22218 | Orc:1    | Noticed Fannar
 22233 | Orc:1    | Killed Fannar
 22234 | Orc:1    | Reached skill level 1 in Evocations
 22378 | Orc:1    | Noticed Sonja
 22385 | Orc:1    | Killed Sonja
 22635 | Orc:2    | Entered Level 2 of the Orcish Mines
 22650 | Orc:2    | Found a staircase to the Elven Halls.
 24293 | Orc:2    | Paralysed by an orc sorcerer for 5 turns
 25495 | Orc:2    | Found Ymaemuhi's Antique Armour Shop.
 25495 | Orc:2    | Found Umob's Weapon Boutique.
 25496 | Orc:2    | Found Ruevuive's Assorted Antiques.
 25503 | Orc:2    | Found Xeiss's Magic Scroll Shop.
 25507 | Orc:2    | Bought a scroll of teleportation for 48 gold pieces
 25507 | Orc:2    | Bought a scroll of identify for 32 gold pieces
 25507 | Orc:2    | Bought a scroll of poison for 64 gold pieces
 25507 | Orc:2    | Bought a scroll of blinking for 120 gold pieces
 25507 | Orc:2    | Bought a scroll of blinking for 120 gold pieces
 25507 | Orc:2    | Bought a scroll of enchant weapon for 120 gold pieces
 25510 | Orc:2    | Bought a potion of might for 88 gold pieces
 25512 | Orc:2    | Bought a translucent chain mail for 209 gold pieces
 25512 | Orc:2    | Identified the +0 chain mail "Joucifu" {Regen+ rCorr Str+9
                  | Dex-3} (You bought it in a shop on level 2 of the Orcish
                  | Mines)
 26564 | D:12     | Found Udiaw's CLEARANCE SALE!.
 26570 | D:12     | Bought a scroll of revelation for 37 gold pieces
 26570 | D:12     | Bought a scroll of teleportation for 15 gold pieces
 26570 | D:12     | Bought a scroll of identify for 10 gold pieces
 26662 | D:12     | Reached skill level 18 in Axes
 27476 | D:12     | HP: 7/183 [deep elf pyromancer/bolt of fire (28)]
 27477 | D:12     | HP: 1/183 [burnt (6)]
 27478 | D:12     | Incinerated by a deep elf pyromancer

Illustrated notes

Levels and vault maps discovered:
D:1:      psy_arrival_radial02, layout_basic, serial_co_window_serial,
          co_window_paths_a, co_window_corner_a, co_window_of_opportunity_a,
          co_window_corner_a, co_window_of_opportunity_a, co_window_corner_a,
          co_window_paths_a, co_window_corner_ca, co_window_of_opportunity_b,
          co_window_2corner, co_window_2corner, glass_columns_a,
          glass_columns_b, minmay_hedge_maze
D:2:      layout_loops_ring, shapermc_ecumenical_altar_starsandcircs
D:3:      layout_loops_ring, grunt_decor_junction, dk_noncrumbling_3,
          kennysheep_generic_room_2
D:4:      layout_basic, portal_sewer_entry_f, uniq_blork_the_orc, uniq_sigmund,
          uniq_ijyb, uniq_menkaure
D:5:      cheibrodos_two_vegetables, layout_loops_ring,
          ebering_dispersal_statue_hall, nicolae_hexahallways, uniq_edmund,
          uniq_pikel, uniq_grinder, uniq_eustachio
D:6:      minmay_angry_zag, layout_gridville, minmay_temple_entry_hall
D:7:      layout_loops_corners
D:8:      layout_cave_pods, erik_lair_island, gammafunk_ghost_nasty_kobolds,
          kennysheep_donut, wad_floor_pattern_untrapped, uniq_maurice,
          uniq_psyche
D:9:      layout_rooms, demons_altar
D:10:     layout_loops_ring, uniq_grum
D:11:     layout_stronghold, serial_column_ruins, column_ruins_corridor_corner,
          column_ruins_open_small, column_ruins_open_medium, uniq_amaemon,
          uniq_harold
D:12:     layout_rooms, orc_0_dummy, portal_ice_cave_demonic_guard,
          nicolae_eternal_life, grunt_ministairs_13, nicolae_shop_clearance
Lair:1:   layout_cave_pods, serial_bayou_pond_a, uniq_joseph
Lair:2:   layout_regular_city, alex1729_swamp_entry_worm_eleionoma,
          hellmonk_spider_entry_life_and_decay
Orc:1:    layout_caves, nicolae_orc_rockfall, bh_open_orc_temple, uniq_sonja,
          uniq_fannar
Orc:2:    st_orc_mages, layout_diamond_mine

Skill      XL: |  1  2  3  4  5  6  7  8  9 10 11 12 13 |
---------------+----------------------------------------+-----
Axes           | 4 5 6 8 10 11 13 15 16 18 | 18.0
Throwing       | 1 |  1.5
Fighting       | 4 5 6 7 8 9 11 12 13 | 13.1
Ranged Weapons | 1 2 4 5 7 9 11 13 14 15 | 15.9
Evocations     | 2 |  2.9
Armour         | |  2.4
Dodging        | |  2.1

Action                     |  1- 3 |  4- 6 |  7- 9 | 10-12 | 13-15 || total
---------------------------+-------+-------+-------+-------+-------++-------
  Melee: Hand axe          |   142 |       |       |       |       ||   142
         Headbutt          |    34 |    12 |    40 |    63 |    28 ||   177
         Punch             |     4 |     2 |       |       |       ||     6
         Trident           |    11 |    87 |    32 |     4 |       ||   134
         Unarmed           |       |     7 |       |       |       ||     7
         Battleaxe         |       |       |   198 |   343 |   143 ||   684
   Fire: Sling             |     2 |    72 |    21 |    15 |       ||   110
         Orcbow            |       |       |       |   128 |     2 ||   130
         Arbalest          |       |       |       |       |   180 ||   180
  Throw: Stone             |       |       |     2 |       |       ||     2
         Dart              |       |       |       |    10 |     4 ||    14
         Throwing net      |       |       |       |     1 |       ||     1
         Boomerang         |       |       |       |       |     7 ||     7
 Invoke: Berserk           |       |     3 |     9 |    10 |     5 ||    27
         Trog's Hand       |       |     1 |    10 |    21 |    18 ||    50
  Evoke: Wand              |       |       |     4 |    16 |     2 ||    22
    Use: Scroll            |     2 |     1 |     1 |    23 |     2 ||    29
         Potion            |       |     2 |       |     2 |     3 ||     7
   Stab: Paralysed         |       |       |       |     3 |     1 ||     4
 Armour: Animal skin       |    21 |       |       |       |       ||    21
         Ring mail         |    39 |    57 |    53 |       |       ||   149
         Skin              |       |     3 |       |       |       ||     3
         Plate armour      |       |       |   128 |   439 |    99 ||   666
         Chain mail        |       |       |       |       |    33 ||    33
  Dodge: Dodged            |    42 |    71 |    96 |   170 |    29 ||   408
  Block: Other             |       |       |       |       |     6 ||     6

Table legend: (Time is in decaauts)
 A = Elapsed time spent in this place.
 B = Non-inter-level travel time spent in this place.
 C = Inter-level travel time spent in this place.
 D = Time resting spent in this place.
 E = Time spent auto-exploring this place.
 F = Levels seen in this place.
 G = Mean time per level.
                   A        B        C        D        E       F      G
               +--------+--------+--------+--------+--------+-----+--------+
         Total |  28023 |  27454 |    569 |  12266 |  10746 |  17 | 1648.4 |
       Dungeon |  15621 |  15269 |    352 |   4732 |   7846 |  12 | 1301.8 |
          Lair |   5205 |   5043 |    162 |   2889 |   1648 |   2 | 2602.5 |
  Orcish Mines |   5712 |   5657 |     55 |   4017 |    678 |   2 | 2856.0 |
         Sewer |   1484 |   1484 |      0 |    626 |    574 |   1 | 1484.0 |
               +--------+--------+--------+--------+--------+-----+--------+

Top non-repeatable levels by time:
   Orc:2: 3606 daAuts
  Lair:2: 3304 daAuts
    D:11: 2230 daAuts
     D:5: 2121 daAuts
   Orc:1: 2105 daAuts
  Lair:1: 1901 daAuts
     D:8: 1705 daAuts
   Sewer: 1484 daAuts
    D:12: 1355 daAuts
     D:6: 1350 daAuts
     D:7: 1249 daAuts
     D:1: 1187 daAuts
    D:10: 1094 daAuts
     D:4: 1093 daAuts
     D:9: 790 daAuts
